AoeStats
← [Massa] Edo

Black Forest

506907767Analyzed
2v2 RM · 16d ago on Sep 15, 2026· 33m 46s· 4 players
Game mode
Random Map
Map size
Medium (4 player)
Population
200
Speed
Normal
Resources
Standard
Victory
Conquest
Starting age
Dark Age
Ending age
Imperial Age
RankedLock teamsTeams togetherTeam positionsShared explorationLock speedFull tech treeHidden civsTurbo modeCheats
Victory
Defeat
🇩🇪 Bohemians · Germany
1491
+15
🇩🇪 Mongols · Germany
1485
+15
🇪🇨 Turks · Ecuador
1465
-15
🇧🇷 Bulgarians · Brazil
1463
-15
[Massa] Edo
7:46 Loom
11:06 Feudal Age
11:54 Double-Bit Axe
12:43 Horse Collar
17:06 Wheelbarrow
20:01 Castle Age
18:38 Gold Mining
18:39 Stone Mining
20:32 Fletching
21:05 Bodkin Arrow
23:31 Bow Saw
25:57 Scale Barding Armor
26:02 Forging
28:00 Chain Barding Armor
31:58 Imperial Age
31:02 Iron Casting
31:10 Bloodlines
31:34 Husbandry
32:35 Onager
[ECU] QUITUS
0:45 Loom
12:38 Feudal Age
16:39 Castle Age
17:35 Double-Bit Axe
17:38 Horse Collar
27:00 Gold Mining
27:10 Fletching
29:41 Bow Saw
31:19 Wheelbarrow
31:04 Redemption
31:18 Stone Mining
Nasenbär
1:10 Loom
12:25 Feudal Age
15:47 Double-Bit Axe
20:38 Castle Age
19:22 Horse Collar
22:27 Bow Saw
22:52 Heavy Plow
23:21 Fervor
25:33 Sanctity
27:48 Fletching
32:31 Imperial Age
32:25 Chemistry
33:04 Wagenburg Tactics
Chaos
0:26 Loom
3:21 Loom
12:45 Feudal Age
13:35 Double-Bit Axe
13:33 Horse Collar
19:17 Castle Age
26:05 Fletching
30:18 Imperial Age
30:18 Bow Saw
32:42 Bodkin Arrow
Connection lost

Rejoining the realm…

Still unreachable

The connection could not be restored.

Session expired

The server has moved on; the page needs a fresh start.